Map: Blackpink LE

Players

Moblaster - Winner!

  • Race: Protoss Protoss
  • League: Platinum
  • Spawn Location: 7:00

Juxtapose

  • Race: Terran Terran
  • League: Gold
  • Spawn Location: 1:00

VOD

https://youtu.be/S9XfUL7m3s0

Description

Now that I'm back in Gold League 1, I expect to be facing a lot more Platinum League opponents, and so far I have not been disappointed.

My (ultimately bad mannered) opponent did a rather unorthodox follow up to his Photon Canon rush, taking pretty much every resource spot on the map. Given the amount of resources he had floating, I'm pleased with how long I lasted and watching the Replay from his perspective, I couldn't help but chuckle at how poor his overall play and strategy really are. I'd wager anything you want that if his opening rush failed and his opponent's economy was left intact, he wouldn't know what to do and would, of course, loose.

I mean, given the immense advantage he gained over me, he took forever to press it and I was able to take out his natural, main, and prevent his air unit production! The fact that his win percentage is well below 50% supports my theory.

My failing this game was that I didn't rush to Repair that one Supply Depot early on. Had I done so, I think things would have went differently.

Time

  • Played on: Dec. 10, 2017, 2:09 p.m.
  • Length: 16:55
Show
View Real Time Build Order
Export as new Build Order

Moblaster Protoss - Winner!

Build Orders:  

Get SALT Encoding   

  12  0:02  Probe (Chrono Boost)  
  13  0:13  Probe (Chrono Boost)  
  14  0:18  Pylon  
  14  0:26  Probe  
  15  0:36  Forge  
  15  0:39  Probe  
  16  0:51  Probe  
  16  0:55  Pylon  
  17  1:15  Photon Cannon  
  17  1:16  Photon Cannon  
  17  1:32  Gateway  
  17  1:34  Gateway  
  17  2:05  Pylon  
  17  2:21  Zealot  
  17  2:22  Zealot  
  21  2:42  Photon Cannon  
  21  2:43  Photon Cannon  
  21  2:47  Pylon  
  21  2:49  Zealot x2  
  25  3:06  Photon Cannon  
  25  3:07  Photon Cannon  
  25  3:11  Photon Cannon  
  25  3:25  Photon Cannon  
  25  3:28  Zealot  
  27  3:37  Pylon  
  27  4:16  Nexus  
  27  4:33  Nexus  
  27  4:52  Assimilator  
  27  4:54  Assimilator  
  27  4:58  Probe (Chrono Boost)  
  29  5:09  Probe (Chrono Boost)  
  29  5:20  Nexus  
  29  5:25  Assimilator  
  29  5:29  Assimilator  
  29  5:52  Nexus  
  29  6:00  Probe (Chrono Boost)  
  31  6:12  Probe (Chrono Boost)  
  31  6:22  Nexus  
  31  6:33  Probe (Chrono Boost)  
  33  6:44  Probe (Chrono Boost)  
  35  6:47  Probe (Chrono Boost)  
  35  6:50  Probe x2 (Chrono Boost)  
  37  6:59  Probe (Chrono Boost)  
  39  7:02  Probe (Chrono Boost)  
  39  7:05  Probe (Chrono Boost)  
  39  7:07  Probe x3 (Chrono Boost)  
  42  7:10  Probe  
  42  7:13  Probe  
  44  7:17  Probe  
  44  7:20  Nexus  
  45  7:23  Probe  
  45  7:25  Probe  
  47  7:38  Probe  
  47  7:40  Nexus  
  48  7:50  Probe (Chrono Boost)  
  49  7:53  Nexus  
  49  8:00  Probe (Chrono Boost)  
  49  8:05  Probe (Chrono Boost)  
  52  8:15  Probe x3 (Chrono Boost)  
  52  8:16  Probe  
  54  8:24  Nexus  
  54  8:27  Probe  
  54  8:28  Probe  
  54  8:29  Assimilator  
  54  8:30  Assimilator  
  54  8:31  Assimilator  
  54  8:33  Assimilator  
  56  8:39  Probe (Chrono Boost)  
  56  8:41  Probe (Chrono Boost)  
  59  8:44  Assimilator  
  59  8:47  Assimilator  
  61  8:50  Probe (Chrono Boost)  
  61  8:51  Probe (Chrono Boost)  
  61  8:52  Probe (Chrono Boost)  
  61  8:54  Pylon  
  61  8:55  Probe (Chrono Boost), Zealot  
  65  8:56  Zealot  
  65  8:57  Probe (Chrono Boost), Pylon  
  65  8:58  Probe (Chrono Boost)  
  73  9:10  Probe (Chrono Boost)  
  73  9:11  Probe x4 (Chrono Boost)  
  73  9:12  Probe  
  73  9:13  Probe  
  73  9:16  Probe  
  76  9:17  Probe  
  76  9:19  Probe  
  76  9:21  Probe  
  76  9:22  Probe x3  
  83  9:24  Probe  
  83  9:25  Probe  
  83  9:28  Probe  
  83  9:29  Probe  
  83  9:31  Probe  
  87  9:33  Probe  
  87  9:34  Probe x3  
  87  9:36  Probe  
  87  9:37  Probe  
  93  9:43  Probe  
  94  9:53  Nexus  
  94  9:56  Probe (Chrono Boost)  
  96  10:04  Probe (Chrono Boost)  
  95  10:08  Probe (Chrono Boost)  
  95  10:10  Probe  
  96  10:22  Probe, Nexus  
  96  10:23  Cybernetics Core  
  96  10:25  Gateway  
  96  10:28  Gateway  
  97  10:30  Gateway  
  97  10:34  Probe, Gateway  
  97  10:35  Gateway  
  98  10:37  Pylon, Gateway  
  98  10:39  Pylon, Gateway  
  98  10:41  Pylon  
  98  10:44  Pylon  
  98  10:45  Pylon  
  98  10:47  Pylon  
  98  10:49  Probe (Chrono Boost), Assimilator  
  99  10:51  Pylon  
  99  10:54  Pylon, Assimilator  
  99  10:55  Probe (Chrono Boost)  
  102  10:57  Pylon  
  102  11:00  Pylon  
  102  11:03  Probe x2 (Chrono Boost)  
  106  11:05  Pylon  
  106  11:06  Probe (Chrono Boost)  
  106  11:07  Probe (Chrono Boost)  
  106  11:10  Probe (Chrono Boost), Assimilator  
  108  11:12  Probe x4 (Chrono Boost)  
  108  11:14  Assimilator  
  108  11:15  Photon Cannon, Probe x2  
  108  11:18  Photon Cannon, Probe  
  111  11:20  Warp Gate  
  111  11:21  Photon Cannon  
  111  11:22  Photon Cannon, Probe  
  111  11:25  Photon Cannon  
  112  11:26  Photon Cannon  
  112  11:27  Probe  
  112  11:30  Probe  
  113  11:33  Probe  
  113  11:34  Probe  
  113  11:35  Photon Cannon  
  113  11:37  Photon Cannon  
  113  11:38  Photon Cannon  
  113  11:39  Photon Cannon, Probe  
  116  11:43  Stalker x5, Forge  
  116  11:44  Stalker x2  
  116  11:46  Probe  
  130  11:54  Gateway  
  130  11:55  Gateway  
  130  11:58  Probe (Chrono Boost), Gateway  
  129  12:03  Stargate  
  129  12:07  Stargate  
  120  12:09  Stargate  
  120  12:10  Probe (Chrono Boost)  
  120  12:11  Probe (Chrono Boost)  
  120  12:13  Stalker x2, Zealot  
  123  12:18  Probe x2 (Chrono Boost), Nexus  
  123  12:21  Forge  
  124  12:22  Probe (Chrono Boost)  
  124  12:26  Probe (Chrono Boost)  
  124  12:28  Probe (Chrono Boost)  
  126  12:31  Probe (Chrono Boost)  
  126  12:34  Assimilator  
  130  12:37  Assimilator  
  130  12:38  Pylon  
  130  12:40  Pylon  
  130  12:41  Probe x4 (Chrono Boost)  
  130  12:43  Photon Cannon  
  125  12:44  Photon Cannon, Pylon  
  125  12:45  Probe x2  
  125  12:46  Photon Cannon  
  125  12:47  Probe, Pylon  
  125  12:48  Photon Cannon  
  125  12:51  Pylon  
  116  12:56  Photon Cannon, Pylon  
  116  12:57  Probe  
  119  12:58  Pylon  
  119  12:59  Probe  
  119  13:01  Stalker x3, Pylon  
  119  13:02  Stalker  
  119  13:05  Stalker x2, Pylon  
  131  13:06  Stalker  
  131  13:07  Pylon, Stalker  
  131  13:08  Pylon  
  131  13:10  Pylon  
  131  13:11  Probe  
  132  13:14  Protoss Air Armor Level 1 (Chrono Boost)  
  128  13:21  Photon Cannon  
  128  13:24  Photon Cannon  
  128  13:26  Photon Cannon  
  128  13:27  Photon Cannon  
  128  13:29  Photon Cannon  
  128  13:31  Photon Cannon, Stalker x3  
  128  13:33  Photon Cannon  
  134  13:37  Protoss Ground Weapons Level 1 (Chrono Boost)  
  132  13:46  Probe (Chrono Boost)  
  133  13:57  Probe x2 (Chrono Boost)  
  133  13:59  Gateway, Pylon  
  133  14:00  Gateway  
  133  14:01  Probe x2  
  133  14:02  Pylon  
  135  14:03  Pylon  
  135  14:04  Gateway  
  135  14:06  Pylon, Gateway  
  135  14:08  Gateway  
  135  14:09  Gateway, Pylon  
  135  14:11  Pylon  
  135  14:12  Gateway  
  135  14:13  Probe (Chrono Boost), Gateway, Pylon  
  135  14:15  Pylon, Gateway  
  137  14:17  Stalker x2, Pylon  
  137  14:18  Gateway  
  137  14:20  Pylon  
  137  14:22  Gateway  
  137  14:23  Probe (Chrono Boost)  
  137  14:24  Probe x2 (Chrono Boost), Gateway  
  140  14:26  Probe, Pylon  
  140  14:27  Probe, Gateway, Pylon  
  140  14:28  Stalker, Gateway  
  140  14:29  Sentry x3  
  140  14:30  Pylon  
  145  14:32  Pylon, Zealot x3  
  151  14:39  Probe  
  151  14:42  Pylon  
  151  14:44  Pylon x2  
  150  14:47  Pylon, Assimilator  
  150  14:48  Assimilator  
  150  14:50  Pylon  
  150  14:51  Probe  
  150  14:52  Pylon  
  143  14:54  Pylon  
  143  14:56  Pylon  
  143  14:58  Pylon, Protoss Air Weapons Level 1  
  133  15:00  Pylon  
  133  15:02  Pylon  
  133  15:04  Pylon  
  133  15:07  Pylon, Stalker x4  
  133  15:09  Stalker x2  
  133  15:11  Stalker  
  133  15:12  Stalker  
  133  15:13  Stalker  
  146  15:38  Pylon  
  146  15:40  Pylon  
  146  15:42  Probe (Chrono Boost), Pylon  
  147  15:44  Pylon  
  147  15:48  Pylon  
  148  15:50  Pylon  
  148  15:52  Pylon  
  148  15:53  Probe (Chrono Boost)  
  148  15:54  Pylon  
  148  15:57  Probe, Pylon  
  149  16:00  Pylon  
  149  16:02  Pylon  
  149  16:05  Pylon  
  149  16:08  Pylon  
  149  16:09  Probe  
  149  16:10  Pylon  
  150  16:14  Pylon  
  146  16:19  Pylon  
  146  16:21  Probe, Pylon  
  147  16:26  Pylon, Zealot x4  
  147  16:27  Zealot x6  
  147  16:31  Pylon  
  167  16:33  Pylon  
  167  16:38  Pylon  
  167  16:39  Pylon  
  163  16:43  Pylon  
  161  16:48  Pylon  
  161  16:51  Pylon  
Show
View Real Time Build Order
Export as new Build Order

Juxtapose Terran 

Build Orders:  

Get SALT Encoding   

  12  0:01  SCV  
  13  0:13  SCV  
  14  0:21  Supply Depot  
  14  0:25  SCV  
  15  0:43  SCV  
  15  0:45  Barracks  
  15  0:49  Supply Depot  
  16  0:55  SCV  
  17  1:03  Refinery  
  17  1:07  SCV  
  18  1:19  Refinery, SCV  
  19  1:35  Orbital Command  
  19  1:41  Supply Depot  
  19  1:48  Marine  
  20  2:06  Marine  
  19  2:19  SCV  
  17  2:31  SCV  
  17  2:37  Factory  
  17  2:39  Marine  
  17  2:43  SCV  
  19  2:57  Marine  
    5:02  Orbital Command  
    5:19  Marine  
  1  5:26  Factory Reactor  
  1  5:31  SCV  
  2  5:37  Marine  
  3  6:14  Cyclone x2  
  9  6:46  Cyclone x2  
  15  7:19  Orbital Command  
  15  7:53  SCV  
  15  8:09  Supply Depot  
  15  8:20  SCV  
  15  8:32  SCV  
  16  8:34  Supply Depot  
  16  8:40  Bunker  
  16  8:43  Marine  
  17  8:58  SCV  
  17  9:00  Marine  
  19  9:03  Refinery  
  19  9:10  SCV  
  20  9:18  Marine  
  20  9:23  SCV  
  22  9:35  SCV  
  23  9:41  Barracks Reactor  
  23  9:47  SCV  
  24  9:59  SCV  
  25  10:11  SCV  
  26  10:14  Supply Depot  
  26  10:20  Marine x2  
  28  10:23  SCV  
  29  10:35  SCV  
  30  10:43  Marine x2  
  30  10:47  SCV  
  33  10:59  SCV  
  33  11:00  Cyclone  
  37  11:11  SCV  
  37  11:12  Marine  
  39  11:20  Supply Depot  
  39  11:41  Marine x2  
  41  11:59  SCV, Marine  
  43  12:01  Marine  
  43  12:03  Cyclone  
  47  12:25  Supply Depot  
  47  12:27  Starport  
  47  12:43  Marine  
  47  12:44  SCV  
  47  12:46  Marine  
  47  12:47  Cyclone  
  50  13:01  Marine  
  48  13:21  Marine x2  
  48  13:23  Cyclone  
  53  13:35  Starport Reactor  
  50  13:52  Marine x2  
  52  14:01  Refinery  
  37  14:10  Marine x2  
  39  14:18  Medivac  
  41  14:38  Factory  
  41  14:42  Supply Depot  
  29  15:12  Marine x2  
  31  15:14  Cyclone  
  21  15:34  Marine x2  
  26  15:42  Factory Tech Lab  
  23  15:58  Factory Tech Lab  
  23  16:01  Command Center  
  20  16:20  Siege Tank  
Tags
 
Add a new tag
Caveats
  • Supply blocks, unpowered buildings, or Contaminate may cause inaccurate times.
  • Supply counts are checked every 10 seconds.